 Dungeon Crawl Stone Soup version 0.23.1 (webtiles) character file.

Game seed: 9291621723836757762

98 Borgoz the Sneak (level 4, -1/37 HPs)
             Began as a Ghoul Assassin on Mar 9, 2019.
             Slain by an orc
             ... wielding a +0 morningstar
              (6 damage)
             ... on level 2 of the Dungeon.
             The game lasted 00:03:57 (2624 turns).

Borgoz the Sneak (Ghoul Assassin)                   Turns: 2624, Time: 00:03:58

Health: -1/37      AC:  6    Str: 14    XL:     4   Next: 69%
Magic:  3/3        EV: 10    Int:  6    God:
Gold:   106        SH:  0    Dex: 11    Spells: 3/3 levels left

rFire    . . .     SeeInvis .   a - +2 dagger (venom)
rCold    + . .     Gourm    .   (no shield)
rNeg     + + +     Faith    .   j - +0 ring mail
rPois    ∞         Spirit   .   (no helmet)
rElec    .         Reflect  .   d - +0 cloak
rCorr    .         Harm     .   (no gloves)
MR       .....                  (no boots)
Stlth    ++........             (no amulet)
HPRegen  0.00/turn              m - ring of wizardry
MPRegen  0.08/turn              (no ring)

@: rotting
A: rotting body, claws 1, carnivore, cold resistance 1, negative energy
resistance 3, inhibited regeneration, torment resistance, unbreathing
a: no special abilities


You were on level 2 of the Dungeon.
You were not hungry.

You visited 1 branch of the dungeon, and saw 3 of its levels.

You collected 106 gold pieces.

Inventory:

Hand Weapons
 a - a +2 dagger of venom (weapon)
 b - a +0 blowgun
Missiles
 e - 46 poisoned needles
 f - 2 curare-tipped needles
Armour
 d - a +0 cloak (worn)
 j - a +0 ring mail (worn)
Jewellery
 m - a ring of wizardry (left claw)
Scrolls
 c - 4 scrolls of identify {unknown}
 h - 4 scrolls of teleportation {unknown}
 i - 2 scrolls of remove curse {unknown}
 l - 2 scrolls of noise {unknown}
 o - a scroll of amnesia {unknown}
Potions
 n - 2 potions of curing {unknown}
 p - a potion of degeneration {unknown}
Comestibles
 g - 2 rations
 k - 4 chunks of flesh


   Skills:
 + Level 2.7 Fighting
 + Level 2.5 Short Blades
 + Level 1.9 Throwing
 + Level 1.3 Armour
 + Level 1.4 Dodging
 + Level 5.2 Stealth


You had 3 spell levels left.
You didn't know any spells.
Your spell library contained the following spells:

 Spells                   Type           Power        Failure   Level  Hunger
 Animate Skeleton         Necr           N/A          38%         1    ##.....
 Pain                     Necr           #...         38%         1    ##.....
 Regeneration             Chrm/Necr      #.........   73%         3    ####...
 Vampiric Draining        Necr           #.........   73%         3    ####...
 Animate Dead             Necr           N/A          98%         4    #####..


Dungeon Overview and Level Annotations

Branches:
Dungeon (3/15)

Altars:
Cheibriados
Elyvilon
Gozag
Hepliaklqana
Okawaru
Trog


Innate Abilities, Weirdness & Mutations

Your body is rotting away.
You thrive on raw meat.
You are immune to poison.
You have sharp fingernails.
You are carnivorous and can eat meat at any time.
Your flesh is cold resistant. (rC+)
You are immune to negative energy. (rN+++)
You do not regenerate when monsters are visible.
You are immune to unholy pain and torment.
You can survive without breathing.


Message History

The orc hits you with a +3 hand axe.
There is an escape hatch in the ceiling here.
You hit the orc.
You kill the orc!
You hit the orc.
The orc is heavily wounded.
The orc closely misses you. The orc hits you but does no damage. x2
A mysterious force pulls you upwards. The hatch slams shut behind you.
You hit the orc but do no damage.
The orc is poisoned.
The orc hits you with a +1 morningstar of holy wrath!
You convulse!
* * * LOW HITPOINT WARNING * * *
The orc hits you but does no damage.
You kill the orc!
Some of the chunks of flesh in your inventory have rotted away.
You closely miss the orc.
The orc is heavily wounded.
The orc hits you with a +0 morningstar.
You die...

...#.#...###.###.## #.#
....)....##...#...#### #.#
............#........##### #.#
...#.....##...#..........# #.#
.....#######.###.#.♣.♣.#.# #.#
...#.#######.###.........###.##
...#.............♣.♣.♣.♣.##...##
<#...........###...._....#.(...##
.#.#######.#####@♣.♣.♣.♣........#
.#.# #.# #.o........#[....##
######## #.# #..#.♣.♣(#.##...##
.......# #.# #.)........###.##
..#...####.# #..#..####.# ###
........##.# ##.#.#####.#
..#).(#....#####.........#
...)...###....#########..#
######## ####.# #..#


You could see an orc.

Vanquished Creatures
  2 adders (D:2)
  3 worms
  3 dart slugs
  A leopard gecko (D:2)
  2 orcs
  5 giant cockroaches
  8 goblins
  5 hobgoblins
  11 kobolds
  8 bats
  4 frilled lizards
  9 rats
61 creatures vanquished.

Notes
Turn   | Place    | Note
-------+----------+-------------------------------------------
     0 | D:1      | Borgoz the Ghoul Assassin began the quest for the Orb.
     0 | D:1      | Reached XP level 1. HP: 17/17 MP: 0/0
   319 | D:1      | Reached XP level 2. HP: 10/25 MP: 1/1
   334 | D:1      | HP: 1/25 [rat (3)]
   958 | D:1      | Reached skill level 1 in Dodging
  1164 | D:1      | Reached XP level 3. HP: 30/30 MP: 2/2
  1248 | D:2      | Reached skill level 5 in Stealth
  1532 | D:2      | Found an iron altar of Okawaru.
  1592 | D:2      | Reached skill level 1 in Armour
  1604 | D:2      | Reached XP level 4. HP: 8/37 MP: 3/3
  1899 | D:2      | Found a white marble altar of Elyvilon.
  1903 | D:2      | Found a bloodstained altar of Trog.
  1917 | D:2      | Found an opulent altar of Gozag.
  2199 | D:2      | Found a hazy altar of Hepliaklqana.
  2472 | D:3      | Found a snail-covered altar of Cheibriados.
  2624 | D:2      | Slain by an orc

Skill      XL: |  1  2  3 |
---------------+----------+-----
Short Blades   | 2 |  2.5
Dodging        | 1 |  1.4
Stealth        | 5 |  5.2
Armour         | 1 |  1.3
Fighting       | |  2.7
Throwing       | |  1.9

Action                   |  1- 3 |  4- 6 || total
-------------------------+-------+-------++-------
Melee: Dagger            |   175 |    72 ||   247
 Stab: Sleeping          |     7 |     4 ||    11
  Eat: Chunk             |     7 |     2 ||     9
Armor: Robe              |     7 |       ||     7
       Ring mail         |    46 |    21 ||    67
Dodge: Dodged            |    84 |    32 ||   116
